 Dungeon Crawl Stone Soup version 0.28-a0-1510-gd0f6b13 (webtiles) character file.

Game seed: 16291672648338168420

411989 Illumine the Sorcerer (level 22, -33/135 HPs)
             Began as a Deep Elf Conjurer on Jan 13, 2022.
             Was the Champion of Vehumet.
             Hit by a large rock thrown by a stone giant (51 damage)
             ... on level 5 of the Vaults on Jan 14, 2022.
             The game lasted 03:45:31 (74169 turns).

Illumine the Sorcerer (Deep Elf Conjurer)          Turns: 74169, Time: 03:45:31

Health: -33/135    AC:  8    Str:  6    XL:     22   Next: 48%
Magic:  48/49      EV: 31    Int: 37    God:    Vehumet [******]
Gold:   4666       SH:  9    Dex: 22    Spells: 9/63 levels left

rFire   + + .      SeeInvis +   a - staff of cold
rCold   + + +      Faith    .   q - +3 buckler
rNeg    + . .      Spirit   .   E - +1 robe of Qaill {rPois Dex+5}
rPois   +          Reflect  .   C - +0 helmet of Generosity {rF+ rC++ rCorr Stlth+}
rElec   +          Harm     .   s - scarf {+Inv}
rCorr   +          Rampage  .   u - +2 pair of gloves "Xuutz" {rC+ Int+4}
Will    ++...      Archmagi +   Z - +0 pair of boots "Baogh" {Drain +Inv rElec SInv}
Stlth   +++++.....              I - amulet of Propriety {rF+ rN+ Regen+ Dex+4 Stlth+}
HPRegen 1.12/turn               X - +4 ring of evasion
MPRegen 0.31/turn               Q - ring of the Mage {Wiz Archmagi}

@: in a vortex, flying (expiring), studying Fire Magic
A: cold resistance 1, no potion heal 1
}: 2/15 runes: serpentine, barnacled
a: Renounce Religion, Evoke Invisibility


You were on level 5 of the Vaults.
You worshipped Vehumet.
Vehumet was exalted by your worship.
You visited 8 branches of the dungeon, and saw 43 of its levels.
You visited 1 bazaar.
You also visited: Sewer, Gauntlet and Ice Cave.

You collected 5561 gold pieces.
You spent 895 gold pieces at shops.

Inventory:

Hand Weapons
 b - the +9 mace of Vyneal {spect, *Slow rF+ Will+}
   (You found it on level 3 of the Depths)

   When its wielder attacks, the weapon's spirit leaps out and strikes again.
   The spirit shares a part of any damage it takes with its wielder.
   rF:        It protects you from fire.
   *Slow:     It may slow you when you take damage.
   Will:      It increases your willpower.
 d - the +8 frozen axe "Frostbite" {freezing cloud, *Noise Fly rC+}
   (You took it off a deep elf zephyrmancer on level 3 of the Elven Halls)

   It freezes those it strikes, dealing additional cold damage.
   It can also slow down cold-blooded creatures.
   It occasionally leaves clouds of freezing vapour upon striking a foe.
   It grants immunity to clouds of freezing vapour.
   rC:        It protects you from cold.
   Fly:       It grants you flight.
   *Noise:    It may make noises in combat.
 P - the +10 whip "Astiefov" {freeze, Str+4}
   (You found it on level 9 of the Dungeon)

   It freezes those it strikes, dealing additional cold damage.
   It can also slow down cold-blooded creatures.
   Str:       It affects your strength (+4).
Armour
 q - a +3 buckler (worn)
 s - a scarf of invisibility (worn)
 u - the +2 pair of gloves "Xuutz" (worn) {rC+ Int+4}
   (You found it on level 3 of the Depths)

   Int:       It affects your intelligence (+4).
   rC:        It protects you from cold.
 C - the +0 helmet of Generosity (worn) {rF+ rC++ rCorr Stlth+}
   (You acquired it on level 1 of the Lair of Beasts)

   rF:        It protects you from fire.
   rC:        It greatly protects you from cold.
   rCorr:     It protects you from acid and corrosion.
   Stlth:     It makes you more stealthy.
 E - the +1 robe of Qaill (worn) {rPois Dex+5}
   (You found it on level 13 of the Dungeon)

   Dex:       It affects your dexterity (+5).
   rPois:     It protects you from poison.
 Z - the +0 pair of boots "Baogh" (worn) {Drain +Inv rElec SInv}
   (You found it in a Gauntlet)

   rElec:     It insulates you from electricity.
   SInv:      It lets you see invisible.
   +Inv:      It lets you turn invisible.
   Drain:     It drains your maximum health when unequipped.
Magical Staves
 a - a staff of cold (weapon)
Jewellery
 g - the amulet of False Pretenses {Faith Will+ MP+9 Int+4}
   (You took it off a deep elf knight on level 3 of the Elven Halls)

   [amulet of faith]

   It allows you to gain divine favour quickly.
   Int:       It affects your intelligence (+4).
   MP:        It affects your magic capacity (+9).
   Will:      It increases your willpower.
 z - a ring of protection from fire
 H - the ring of the Beastly Eggfruit {Will+ Int+4}
   (You took it off a deep elf annihilator on level 3 of the Elven Halls)

   [ring of willpower]

   Int:       It affects your intelligence (+4).
   Will:      It increases your willpower.
 I - the amulet of Propriety (around neck) {rF+ rN+ Regen+ Dex+4 Stlth+}
   (You took it off a merfolk on level 4 of the Shoals)

   [amulet of regeneration]

   Dex:       It affects your dexterity (+4).
   rF:        It protects you from fire.
   rN:        It protects you from negative energy.
   Regen:     It increases your rate of health regeneration.
   Stlth:     It makes you more stealthy.
 K - the ring "Dulaor" {Will+ rCorr Str+4}
   (You took it off a deep elf zephyrmancer on level 3 of the Elven Halls)

   [ring of willpower]

   Str:       It affects your strength (+4).
   rCorr:     It protects you from acid and corrosion.
   Will:      It increases your willpower.
 Q - the ring of the Mage (right hand) {Wiz Archmagi}
   (You found it in a Gauntlet)

   [ring of wizardry]

   It improves your spell success rate.
   Archmagi:  It increases the power of your magical spells.
 R - a ring of positive energy
 S - an amulet of reflection
 X - a +4 ring of evasion (left hand)
Wands
 l - a wand of acid (10)
 p - a wand of paralysis (20)
 v - a wand of iceblast (27)
 G - a wand of charming (9)
 L - a wand of mindburst (26)
Scrolls
 f - a scroll of magic mapping
 h - 6 scrolls of fear
 i - 4 scrolls of summoning
 j - 16 scrolls of identify
 n - 3 scrolls of blinking
 t - 7 scrolls of holy word
 y - 14 scrolls of fog
 A - 8 scrolls of enchant weapon
 B - 2 scrolls of enchant armour
 F - 3 scrolls of brand weapon
 N - 7 scrolls of immolation
 T - 9 scrolls of vulnerability
 W - 24 scrolls of teleportation
Potions
 c - 11 potions of flight
 e - 4 potions of lignification
 k - 17 potions of curing
 m - 4 potions of brilliance
 o - 6 potions of heal wounds
 r - 7 potions of haste
 w - 13 potions of mutation
 x - 4 potions of resistance
 D - 5 potions of invisibility
 J - 3 potions of magic
 M - 2 potions of attraction
 U - 3 potions of cancellation
Miscellaneous
 O - a tin of tremorstones (2/2)
 V - a phantom mirror


   Skills:
 + Level 13.0 Fighting
 - Level 5.5(5.6) Maces & Flails
 - Level 2.0(5.0) Staves
 - Level 3.0 Armour
 + Level 19.1 Dodging
 - Level 2.4 Stealth
 - Level 4.0 Shields
 + Level 21.3 Spellcasting
 + Level 17.4 Conjurations
 - Level 10.0 Hexes
 - Level 4.0 Summonings
 - Level 4.0 Translocations
 + Level 10.9 Transmutations
 + Level 20.3 Ice Magic
 - Level 9.8 Air Magic
 - Level 6.0 Poison Magic
 - Level 10.0 Evocations


You had 9 spell levels left.
You knew the following spells:

 Your Spells              Type           Power      Damage    Failure   Level
a - Magic Dart            Conj           100%       1d8       0%          1
b - Ozocubu's Refrigerat  Ice            81%        4d21      1%          7
c - Orb of Destruction    Conj           65%        9d15      1%          7
d - Apportation           Tloc           100%       N/A       1%          1
e - Cause Fear            Hex            53%        N/A       1%          4
f - Frozen Ramparts       Ice            100%       1d12      0%          3
g - Hailstorm             Conj/Ice       100%       3d20      0%          4
h - Polar Vortex          Ice            81%        N/A       2%          9
i - Spellforged Servitor  Conj/Summ      54%        N/A       1%          7
j - Irradiate             Conj/Tmut      60%        3d33      1%          5
k - Ignite Poison         Fire/Tmut/Pois 89%        N/A       1%          3
l - Ozocubu's Armour      Ice            100%       N/A       0%          3

Your spell library contained the following spells:

 Spells                   Type           Power      Damage    Failure   Level
 Lehudib's Crystal Spear  Conj/Erth      51%        10d12     16%         8
 Fire Storm               Conj/Fire      51%        8d13      86%         9
 Ignition                 Fire           28%        3d9       98%         8
 Beastly Appendage        Tmut           100%       N/A       0%          1
 Foxfire                  Conj/Fire      100%       2x1d9     0%          1
 Freeze                   Ice            100%       1d11      0%          1
 Shock                    Conj/Air       100%       1d9       0%          1
 Ensorcelled Hibernation  Hex/Ice        100%       N/A       0%          2
 Searing Ray              Conj           100%       2d8       0%          2
 Wereblood                Tmut           100%       N/A       0%          2
 Dazzling Flash           Conj/Hex       100%       N/A       0%          3
 Ice Form                 Ice/Tmut       100%       N/A       0%          4
 Animate Skeleton         Necr           100%       N/A       1%          1
 Sandblast                Erth           100%       2d20      1%          1
 Sting                    Tmut/Pois      100%       1d8       1%          1
 Summon Small Mammal      Summ           100%       N/A       1%          1
 Call Imp                 Summ           81%        N/A       1%          2
 Corpse Rot               Necr/Air       100%       N/A       1%          2
 Passwall                 Tmut/Erth      73%        N/A       1%          2
 Poisonous Vapours        Pois/Air       100%       N/A       1%          2
 Conjure Flame            Conj/Fire      100%       6-21      1%          3
 Gell's Gravitas          Tloc           81%        N/A       1%          3
 Inner Flame              Hex/Fire       86%        N/A       1%          3
 Lesser Beckoning         Tloc           81%        N/A       1%          3
 Mephitic Cloud           Conj/Pois/Air  100%       N/A       1%          3
 Spider Form              Tmut/Pois      100%       N/A       1%          3
 Stone Arrow              Conj/Erth      100%       3d13      1%          3
 Summon Guardian Golem    Hex/Summ       95%        N/A       1%          3
 Teleport Other           Tloc           81%        N/A       1%          3
 Anguish                  Hex/Necr       43%        N/A       1%          4
 Animate Armour           Summ/Erth      100%       N/A       1%          4
 Flame Wave               Conj/Fire      100%       2d14      1%          4
 Fulminant Prism          Conj/Hex       59%        3d25      1%          4
 Iskenderun's Mystic Bla  Conj/Tloc      100%       2d19      1%          4
 Olgreb's Toxic Radiance  Pois           90%        N/A       1%          4
 Summon Ice Beast         Ice/Summ       100%       N/A       1%          4
 Summon Lightning Spire   Summ/Air       94%        N/A       1%          4
 Alistair's Intoxication  Tmut/Pois      67%        N/A       1%          5
 Blade Hands              Tmut           55%        N/A       1%          5
 Fireball                 Conj/Fire      51%        3d20      1%          5
 Freezing Cloud           Conj/Ice/Air   75%        6-21      1%          5
 Metabolic Englaciation   Hex/Ice        74%        N/A       1%          5
 Silence                  Hex/Air        53%        N/A       1%          5
 Summon Mana Viper        Hex/Summ       95%        N/A       1%          5
 Conjure Ball Lightning   Conj/Air       59%        3x3d21    1%          6
 Eringya's Noxious Bog    Tmut/Pois      50%        N/A       1%          6
 Iron Shot                Conj/Erth      51%        9d10      1%          6
 Simulacrum               Ice/Necr       65%        N/A       1%          6
 Starburst                Conj/Fire      51%        6d14      1%          6
 Lee's Rapid Deconstruct  Erth           28%        3d16*     3%          5
 Dragon Form              Tmut           55%        N/A       3%          7
 Agony                    Necr           56%        N/A       10%         5
 Discord                  Hex            53%        N/A       34%         8
 Summon Hydra             Summ           40%        N/A       45%         7
 Disjunction              Tloc           40%        N/A       98%         8
 Dragon's Call            Summ           40%        N/A       100%        9


Dungeon Overview and Level Annotations

Branches:
Dungeon (15/15)            Temple (0/1) D:7            Lair (6/6) D:9
 Shoals (4/4) Lair:3        Snake (4/4) Lair:4        Slime (0/5) Lair:6
    Orc (2/2) D:9             Elf (3/3) Orc:2        Vaults (5/5) D:13
  Crypt (0/3) Vaults:3     Depths (4/4) D:15          Sewer (visited)
  IceCv (visited)         Gauntlet (visited)
    Zot: Depths:4

Altars:
Dithmenos
Hepliaklqana
Kikubaaqudgha
Okawaru
Qazlal
Trog
Vehumet
Beogh

Shops:
D:4 *   D:8 *   Orc:2 ([!:   Shoals:4 **   Snake:1 *   Vaults:2 (   Vaults:4 (
Depths:1 *!=   Depths:3 !(

Portals:
Hell: Depths:1 Depths:2 Depths:3
Abyss: Depths:3
Pandemonium: Depths:2
Ziggurat: Depths:2

Annotations:
Orc:1 3 runed translucent doors, Suhargha's ghost, journeyman DsFi
Orc:2 1 runed translucent door, Dorkslayer's ghost, journeyman HOFi
Elf:2 5 runed translucent doors
Vaults:3 2 runed translucent doors, Tobo's ghost, master DjBe


Innate Abilities, Weirdness & Mutations

Your flesh is cold resistant. (rC+)
Potions are less effective at restoring your health.


Message History

The white very ugly thing barely misses you.
A cyan very ugly thing comes into view.
There is a sealed passage leading up, summoned, spattered with blood here.
Casting: Polar Vortex (dangerous; 2% risk of failure)
Confirm with . or Enter, or press ? or * to list all spells.
Okay, then.
Casting: Polar Vortex (dangerous; 2% risk of failure)
Confirm with . or Enter, or press ? or * to list all spells.
You feel a strong surge of power!
A great freezing vortex appears and lifts you up.
The tengu reaver shouts!
You kill the white ugly thing!
Vehumet accepts your kill.
You feel your power returning.
You hear a shout! x2
The fire dragon breathes flames at you. The blast of flame hits you!
You resist.
The yaktaur captain wields a +0 arbalest.
The yaktaur captain shoots a bolt.
The bolt closely misses you.
The bolt hits the white very ugly thing!!!
The white very ugly thing dies!
A hell knight comes into view. It is wielding a +5 great mace.
The white ugly thing stings you. The white ugly thing freezes you. You resist.
You hear a deafening roar!
Unknown command.
You kill the tengu reaver!
Vehumet accepts your kill.
You kill the white ugly thing!
Vehumet accepts your kill.
You feel your power returning.
The storm dragon breathes lightning at you.
The bolt of lightning hits you! You resist.
The yaktaur captain shoots a bolt.
The bolt hits you!!
* * * LOW HITPOINT WARNING * * *
A storm dragon comes into view.
The cyan very ugly thing basks in the mutagenic energy from its kin and changes!
The hell knight casts a spell at you. The bolt of fire misses you.
The stone giant throws a large rock.
The large rock hits you!!!
You die...

... #....# #.
..###....#.pD
#.......^#...
#.Q......Dp..
####.§§§§§§§..##
.....§§e§§§§....
.....§§§§§§C....
.....§§D@§§§....
.....§§§§§§§....
######§§§§§§..##
p§§§§§§§[...
##..#uu..#...
##.#....# c.
#.#u...# #
..#....#


You could see 2 storm dragons, 2 very ugly things, a fire dragon shaped shifter,
a stone giant, 2 vault wardens, a tengu reaver, a yaktaur captain, a cyan ugly
thing, a hell knight and a deep elf sorcerer.

Vanquished Creatures
  A juggernaut (Depths:3)
  Margery (Vaults:3)
  A caustic shrike (Depths:3)
  A golden dragon (Depths:3)
  Nikola (Shoals:1)
  A tentacled monstrosity (Depths:3)
  A walking crystal tome (Depths:3)
  A walking frostbound tome (Depths:3)
  3 liches
  A walking earthen tome (Depths:3)
  2 deep elf blademasters (Elf:3)
  2 deep elf master archers (Elf:3)
  7 titans
  A quicksilver dragon (Depths:3)
  Polyphemus (Shoals:3)
  2 sphinxes
  2 storm dragons
  Donald (Vaults:1)
  A shadow dragon (Depths:3)
  4 tengu reavers
  7 nagarajas
  Kirke (Lair:4)
  8 vault wardens
  A frost giant (shapeshifter) (Depths:2)
  2 fire giants
  5 deep elf sorcerers (Elf:3)
  2 frost giants (Depths:3)
  Aizul (Snake:2)
  An orc warlord (Vaults:3)
  2 iron dragons (Depths:3)
  6 deep elf elementalists (Elf:3)
  A balrug (Depths:3)
  2 spriggan defenders (Depths:4)
  4 ironbound thunderhulks
  9 very ugly things
  10 ironbound preservers
  5 stone giants
  Nessos (Lair:5)
  7 war gargoyles (Depths:2)
  An entropy weaver (Vaults:2)
  8 deep elf demonologists
  19 dire elephants
  A vampire knight (Depths:3)
  6 deep elf annihilators (Elf:3)
  3 spark wasps (Depths:3)
  An eidolon (Vaults:3)
  A minotaur (Gauntlet)
  A purple draconian (Depths:4)
  A blizzard demon (Depths:1)
  3 ettins (Depths:3)
  8 merfolk impalers
  11 deep elf death magi
  4 merfolk javelineers
  Josephine (Shoals:1)
  5 great orbs of eyes
  3 fire dragons
  An ettin (shapeshifter) (D:15)
  9 yaktaur captains
  2 deep elf high priests (Elf:3)
  4 ice dragons
  2 great orbs of eyes (shapeshifter)
  A hydra (shapeshifter) (Gauntlet)
  A peacekeeper (Vaults:3)
  7 boulder beetles
  Harold (D:7)
  3 spriggan air magi
  9 hydras
  4 catoblepae
  11 ironbound frosthearts
  24 vault guards (Vaults:5)
  24 naga warriors
  2 salamander tyrants (Snake:4)
  4 ogre magi
  7 two-headed ogres
  4 merfolk avatars
  4 anacondas
  A deep troll shaman (Depths:2)
  6 merfolk aquamancers
  5 satyrs
  7 centaur warriors
  34 dancing weapons
  4 deep troll earth magi
  3 tengu warriors
  2 vampire magi
  2 spriggan berserkers (Depths:3)
  10 death yaks
  6 shock serpents
  An orc high priest (Orc:1)
  4 naga sharpshooters
  A spriggan (Depths:3)
  20 deep elf knights
  12 hell knights
  4 skeletal warriors (D:13)
  2 iron trolls (Depths:1)
  2 steelbarb worms (shapeshifter)
  A flayed ghost (Depths:3)
  3 goliath frogs (shapeshifter) (Depths:2)
  34 deep trolls
  4 salamander mystics
  A sea snake (shapeshifter) (Elf:1)
  A bog body (IceCv)
  20 sea snakes
  3 obsidian statues (Depths:2)
  6 naga ritualists
  A deep troll (shapeshifter) (Depths:2)
  10 deep elf archers
  10 glowing orange brains
  8 lindwurms
  32 deep elf pyromancers
  9 wizards
  8 harpies
  An orange crystal statue (Depths:1)
  34 deep elf zephyrmancers
  An oklob plant (Lair:6)
  3 orc knights
  7 mana vipers
  6 necromancers
  A harpy (shapeshifter) (Depths:2)
  11 ironbound convokers
  32 ugly things
  10 orc sorcerers
  18 fauns
  3 cyclopes
  15 manticores
  2 human zombies (Vaults:2)
  12 slime creatures
  6 merfolk sirens
  12 salamanders
  21 black mambas
  5 guardian serpents
  9 elephants
  2 ice statues (IceCv)
  12 naga magi
  13 vault sentinels
  7 water nymphs
  A water nymph (shapeshifter) (Depths:3)
  A black mamba (shapeshifter) (Elf:1)
  11 cane toads
  2 smoke demons (Depths:3)
  5 gargoyles
  An unseen horror (D:12)
  A yaktaur zombie (Vaults:2)
  3 rime drakes
  A torpor snail (Lair:5)
  A freezing wraith (D:13)
  Psyche (D:11)
  7 ice devils (IceCv)
  15 yaktaurs
  12 komodo dragons
  2 entropy weaver simulacra (IceCv)
  2 anaconda simulacra (IceCv)
  2 tengu conjurers (D:14)
  A meliai (D:13)
  4 trolls
  A queen bee (shapeshifter) (D:13)
  6 wind drakes
  5 harpy zombies (Shoals:4)
  A hornet (Depths:3)
  21 merfolk
  A wind drake (shapeshifter) (Depths:2)
  12 blink frogs
  9 dream sheep
  3 raiju (Depths:2)
  12 snapping turtles
  21 water elementals
  A centaur simulacrum (D:15)
  16 air elementals
  4 dire elephant simulacra (IceCv)
  A yak (shapeshifter) (D:13)
  4 wyverns
  4 wraiths (Shoals:1)
  5 shadows
  7 fire elementals
  3 hogs (Lair:4)
  77 yaks
  A human (Lair:4)
  2 steam dragons
  Grum (D:11)
  The ghost of DispaterIsMyDaddy the Ruffian, an amateur DrTm (D:4)
  8 basilisks
  4 vampire mosquitoes
  A warg (Orc:2)
  9 redbacks
  A swamp worm (shapeshifter) (Depths:2)
  A swamp worm (Gauntlet)
  2 harpy simulacra (IceCv)
  24 nagas
  15 water moccasins
  3 ice beasts
  2 sky beasts
  3 elephant zombies (Lair:5)
  19 orc warriors
  3 black bears
  4 necrophages
  A black bear (shapeshifter) (Elf:3)
  3 boggarts (Vaults:1)
  12 ogres
  28 wolves
  15 centaurs
  4 kobold brigands
  2 komodo dragon zombies (Lair:5)
  3 phantoms
  Blork the orc (D:5)
  5 scorpions
  10 bullfrogs
  A two-headed ogre simulacrum (IceCv)
  7 earth elementals (Depths:2)
  A glowing shapeshifter simulacrum (Vaults:2)
  2 wyvern zombies
  2 water moccasin skeletons (D:5)
  3 killer bees (D:9)
  4 howler monkeys
  4 wights (D:10)
  3 electric eels (Lair:5)
  4 centaur zombies
  A basilisk zombie (Lair:5)
  2 bullfrog zombies (D:5)
  Crazy Yiuf (D:2)
  A gnoll shaman (D:8)
  18 orc priests
  2 hounds (D:5)
  3 bullfrog skeletons (D:5)
  2 jellies
  Jessica (D:2)
  6 iguanas
  4 hell rats (Lair:3)
  35 orc wizards
  A wolf simulacrum (IceCv)
  2 howler monkey zombies
  Robin (D:2)
  5 gnolls (D:8)
  15 adders
  5 river rats
  18 white imps
  A howler monkey simulacrum (D:9)
  3 ufetubi
  An adder zombie (D:5)
  3 worms
  3 dart slugs
  74 orcs
  4 ball pythons
  4 endoplasms
  3 giant cockroaches
  9 goblins
  14 hobgoblins
  21 jackals
  22 kobolds
  2 quokkas (D:3)
  7 bats
  2 frilled lizards (D:2)
  21 rats
  6 ball lightnings (Depths:2)
  A butterfly (Lair:6)
1661 creatures vanquished.

Vanquished Creatures (collateral kills)
  A deep elf sorcerer (Elf:3)
  An ironbound preserver (Vaults:2)
  A great orb of eyes (Vaults:2)
  A vault guard (Vaults:4)
  A deep troll (Vaults:1)
  An ironbound convoker (Vaults:1)
  2 lindwurms (Vaults:1)
  A wizard (Vaults:2)
  An ugly thing (Vaults:2)
  7 ball lightnings
17 creatures vanquished.

Vanquished Creatures (others)
  2 very ugly things
  A two-headed ogre (D:14)
  2 ugly things (D:14)
  A deep elf pyromancer (D:13)
  A water elemental (Depths:2)
  A bullfrog (Lair:4)
  An orc wizard (D:14)
  An orc (D:14)
  56 ball lightnings
  63 fulminant prisms
  72 fungi
  425 plants
626 creatures vanquished.

Grand Total: 2304 creatures vanquished

Notes
Turn   | Place    | Note
-------+----------+-------------------------------------------
     0 | D:1      | Illumine the Deep Elf Conjurer began the quest for the Orb.
     0 | D:1      | Reached XP level 1. HP: 10/10 MP: 6/6
   133 | D:1      | Reached XP level 2. HP: 15/15 MP: 2/8
   232 | D:1      | Reached skill level 5 in Conjurations
   381 | D:1      | Learned a level 2 spell: Searing Ray
   691 | D:1      | Reached XP level 3. HP: 19/19 MP: 4/9
  1245 | D:2      | Noticed Robin
  1424 | D:3      | Reached XP level 4. HP: 24/24 MP: 7/11
  1430 | D:3      | Learned a level 4 spell: Fulminant Prism
  1446 | D:3      | Found a stormy altar of Qazlal.
  1655 | D:3      | Reached skill level 1 in Hexes
  1766 | D:3      | Reached skill level 4 in Spellcasting
  1768 | D:3      | Reached XP level 5. HP: 22/28 MP: 6/13
  1821 | D:3      | Found a glowing drain.
  1911 | Sewer    | Entered a sewer
  2085 | Sewer    | Learned a level 4 spell: Iskenderun's Mystic Blast
  2539 | Sewer    | Reached XP level 6. HP: 32/32 MP: 13/15
  2669 | Sewer    | Found a white marble altar of Elyvilon.
  3493 | D:4      | Found a radiant altar of Vehumet.
  3495 | D:4      | Reached skill level 5 in Spellcasting
  3505 | D:4      | Reached skill level 1 in Translocations
  3607 | D:4      | Became a worshipper of Vehumet
  3907 | D:4      | Found a runed translucent gate.
  3907 | D:4      | Found a runed translucent gate.
  3907 | D:4      | Found a runed translucent gate.
  3908 | D:4      | Noticed DispaterIsMyDaddy's ghost (amateur DrTm)
  3915 | D:4      | Identified the +8 chain mail "Nonymn" {rPois}
  3972 | D:4      | Reached XP level 7. HP: 37/37 MP: 8/17
  4084 | D:4      | Found Qupoxaak's General Store.
  4101 | D:4      | Learned a level 4 spell: Cause Fear
  4104 | D:4      | Bought a scroll of identify for 22 gold pieces
  4183 | D:4      | Found a bloodstained altar of Trog.
  4357 | D:5      | Entered Level 5 of the Dungeon
  4670 | D:5      | Reached skill level 1 in Fighting
  4952 | D:5      | Reached skill level 6 in Spellcasting
  4952 | D:5      | Reached skill level 5 in Hexes
  5009 | D:5      | Reached XP level 8. HP: 43/43 MP: 12/19
  5030 | D:5      | Noticed Blork the orc
  5155 | D:5      | Killed Blork the orc
  5624 | D:5      | Reached skill level 5 in Dodging
  5680 | D:5      | Reached skill level 7 in Spellcasting
  5940 | D:5      | Reached * piety under Vehumet
  5940 | D:5      | Offered knowledge of Freeze by Vehumet.
  6197 | D:5      | Reached XP level 9. HP: 49/49 MP: 14/21
  7982 | D:6      | Reached skill level 8 in Spellcasting
  7982 | D:6      | Reached skill level 1 in Evocations
  8579 | D:7      | Found a staircase to the Ecumenical Temple.
  9435 | D:7      | Noticed Harold
  9573 | D:8      | Offered knowledge of Scorch by Vehumet.
  9647 | D:8      | Found Upeerou's General Store.
  9757 | D:8      | Reached ** piety under Vehumet
 10267 | D:8      | Reached XP level 10. HP: 54/56 MP: 8/24
 10480 | D:8      | Learned a level 3 spell: Frozen Ramparts
 11811 | D:2      | Noticed Jessica
 11815 | D:2      | Killed Jessica
 11825 | D:2      | Killed Robin
 11902 | D:2      | Found a runed translucent door.
 11903 | D:2      | Noticed Crazy Yiuf
 12073 | D:2      | Killed Crazy Yiuf
 12265 | D:2      | Offered knowledge of Conjure Flame by Vehumet.
 12508 | D:7      | HP: 1/57 [Harold (18)]
 12510 | D:7      | Killed Harold
 12511 | D:7      | Reached skill level 1 in Ice Magic
 13110 | D:9      | Reached skill level 9 in Spellcasting
 13214 | D:9      | Identified the +10 whip "Astiefov" {freeze, Str+4}
 13311 | D:9      | Reached *** piety under Vehumet
 13551 | D:9      | Reached skill level 1 in Maces & Flails
 13574 | D:9      | Offered knowledge of Airstrike by Vehumet.
 13580 | D:9      | Learned a level 4 spell: Hailstorm
 13768 | D:9      | Found a staircase to the Lair.
 13820 | Lair:1   | Entered Level 1 of the Lair of Beasts
 13823 | Lair:1   | Noticed a cane toad
 13833 | Lair:1   | Noticed a cane toad
 13836 | Lair:1   | Killed a cane toad
 13842 | Lair:1   | Killed a cane toad
 13843 | Lair:1   | Reached skill level 10 in Conjurations
 13847 | Lair:1   | Noticed a black mamba
 14015 | Lair:1   | Killed a black mamba
 14016 | Lair:1   | Reached XP level 11. HP: 43/62 MP: 7/26
 14275 | D:9      | Found a hazy altar of Hepliaklqana.
 14281 | D:9      | Found a staircase to the Orcish Mines.
 14942 | D:10     | Entered Level 10 of the Dungeon
 15031 | Lair:1   | Reached skill level 5 in Fighting
 15339 | Lair:1   | Identified 2 scrolls of acquirement
 15372 | Lair:1   | Reached skill level 5 in Evocations
 15420 | Lair:1   | Acquired the Tome of the Flying Glacier
 15429 | Lair:1   | Learned a level 6 spell: Conjure Ball Lightning
 15445 | Lair:1   | Acquired the +0 helmet of Generosity {rF+ rC++ rCorr
                  | Stlth+}
 15466 | Lair:1   | Noticed a six-headed hydra
 15473 | Lair:1   | Killed a six-headed hydra
 15473 | Lair:1   | Reached **** piety under Vehumet
 15474 | Lair:1   | Reached skill level 10 in Spellcasting
 15474 | Lair:1   | Reached skill level 1 in Air Magic
 15769 | Lair:1   | Offered knowledge of Sticky Flame by Vehumet.
 15775 | Lair:1   | Reached skill level 10 in Hexes
 16089 | Lair:2   | Noticed a five-headed hydra
 16097 | Lair:2   | Killed a five-headed hydra
 16413 | Lair:2   | Reached skill level 5 in Ice Magic
 16538 | Lair:2   | Reached XP level 12. HP: 68/69 MP: 8/28
 17360 | Lair:2   | Reached ***** piety under Vehumet
 17536 | Lair:3   | Offered knowledge of Lightning Bolt by Vehumet.
 17565 | Lair:3   | Reached skill level 11 in Spellcasting
 17900 | Lair:3   | Found a staircase to the Shoals.
 18310 | Lair:3   | Learned a level 5 spell: Freezing Cloud
 18373 | Lair:3   | Reached skill level 5 in Air Magic
 19122 | Lair:3   | Reached skill level 10 in Dodging
 19887 | Lair:4   | Noticed Kirke
 19896 | Lair:4   | Killed Kirke
 20174 | Lair:4   | Upgraded the game from 0.28-a0-1505-g8c907de to
                  | 0.28-a0-1506-g3893175
 20210 | Lair:4   | Found a staircase to the Snake Pit.
 20224 | Lair:4   | Reached XP level 13. HP: 71/75 MP: 18/30
 22495 | Lair:5   | Noticed Nessos
 22553 | Lair:6   | Entered Level 6 of the Lair of Beasts
 22651 | Lair:6   | Found a staircase to the Slime Pits.
 22688 | Lair:6   | Reached skill level 12 in Spellcasting
 22940 | Lair:6   | Found an iron altar of Okawaru.
 24299 | Lair:6   | Offered knowledge of Spellforged Servitor by Vehumet.
 24305 | Lair:6   | Reached XP level 14. HP: 82/82 MP: 25/32
 25471 | D:10     | Acquired a book of Dangerous Friends
 25579 | D:10     | Learned a level 5 spell: Irradiate
 26107 | Orc:1    | Entered Level 1 of the Orcish Mines
 26159 | Orc:2    | Entered Level 2 of the Orcish Mines
 26218 | Orc:1    | Found a frozen archway.
 26233 | IceCv    | Entered an ice cave
 26680 | IceCv    | Reached skill level 13 in Spellcasting
 26797 | IceCv    | Offered knowledge of Fireball by Vehumet.
 26869 | IceCv    | Identified the +3 leather armour of Weightlessness {rPois
                  | rF- Str+4}
 27450 | Orc:1    | Reached skill level 1 in Staves
 27635 | Orc:1    | Found a runed translucent gate.
 27635 | Orc:1    | Found a runed translucent gate.
 27636 | Orc:1    | Found a runed translucent gate.
 27640 | Orc:1    | Noticed Suhargha's ghost (journeyman DsFi)
 27996 | Orc:2    | Found a runed translucent door.
 28043 | Orc:2    | Found a staircase to the Elven Halls.
 28221 | Orc:2    | Noticed Dorkslayer's ghost (journeyman HOFi)
 28711 | Orc:2    | Reached skill level 1 in Shields
 28963 | Orc:2    | Found Abatsud's Antique Weapon Shoppe.
 29122 | Orc:2    | Found a radiant altar of Vehumet.
 29158 | Orc:2    | Found an ancient bone altar of Kikubaaqudgha.
 29271 | Orc:2    | Found Jeim's Distillery.
 29362 | Orc:2    | Found Icwopoi's Antique Armour Emporium.
 29415 | Orc:2    | Found Gapiset's Book Shoppe.
 29424 | Orc:2    | Bought a book of Party Tricks for 192 gold pieces
 29426 | Orc:2    | Learned a level 1 spell: Apportation
 29442 | Orc:2    | Bought a pair of spiked gloves for 228 gold pieces
 29442 | Orc:2    | Identified the +0 pair of gloves of the Morning {SInv} (You
                  | bought it in a shop on level 2 of the Orcish Mines)
 29453 | Orc:2    | Bought a buckler for 108 gold pieces
 29539 | Orc:2    | Bought a potion of magic for 96 gold pieces
 29823 | D:4      | Killed DispaterIsMyDaddy's ghost
 30186 | D:11     | Noticed Grum
 30194 | D:11     | Killed Grum
 30313 | D:11     | Offered knowledge of Eringya's Noxious Bog by Vehumet.
 30345 | D:11     | Learned a level 6 spell: Eringya's Noxious Bog
 30349 | D:11     | Learned a level 3 spell: Ignite Poison
 30867 | D:11     | Reached skill level 1 in Transmutations
 31051 | D:11     | Reached skill level 1 in Poison Magic
 31289 | D:11     | Noticed Psyche
 31295 | D:11     | Killed Psyche
 31764 | D:12     | Found a gate leading to a gauntlet.
 31780 | Gauntlet | Entered a Gauntlet
 31780 | Gauntlet | Found a transporter.
 31783 | Gauntlet | Found a transporter.
 31785 | Gauntlet | Found a transporter.
 31800 | Gauntlet | Found a transporter.
 31802 | Gauntlet | Found a transporter.
 31805 | Gauntlet | Noticed a quicksilver ooze
 31808 | Gauntlet | Found a runed translucent gate.
 31808 | Gauntlet | Found a runed translucent gate.
 31811 | Gauntlet | Found a runed translucent gate.
 31811 | Gauntlet | Found a transporter.
 31827 | Gauntlet | Found a transporter.
 31836 | Gauntlet | Found the ring of the Mage {Wiz Archmagi}
 31837 | Gauntlet | Found a transporter.
 31847 | Gauntlet | Found a transporter.
 31861 | Gauntlet | Found a transporter.
 31871 | Gauntlet | Found a transporter.
 31876 | Gauntlet | Found a transporter.
 31943 | Gauntlet | Found a transporter.
 31954 | Gauntlet | Identified the +0 pair of boots "Baogh" {Drain +Inv rElec
                  | SInv}
 31956 | Gauntlet | Noticed a broodmother
 31956 | Gauntlet | a bunyip changed into a broodmother
 31957 | Gauntlet | a broodmother changed into an alligator
 31971 | Gauntlet | Found a transporter.
 32046 | Gauntlet | Reached XP level 15. HP: 88/88 MP: 18/34
 32694 | D:11     | Gained mutation: Potions are less effective at restoring
                  | your health. [mutagenic glow]
 32994 | D:12     | Identified the -2 helmet "Zet Neqidu" {rF+}
 33102 | D:12     | Found a runed translucent door.
 33104 | D:12     | Found a shadowy altar of Dithmenos.
 33417 | D:13     | Found a gate to the Vaults.
 33540 | D:13     | Identified the +1 robe of Qaill {rPois Dex+5}
 34935 | D:14     | Identified the +0 ring mail of Hadjma {+Inv Int+5}
 35024 | D:14     | Reached skill level 5 in Transmutations
 35024 | D:14     | Reached skill level 5 in Poison Magic
 35298 | D:14     | Offered knowledge of Iron Shot by Vehumet.
 36056 | D:15     | Entered Level 15 of the Dungeon
 37198 | D:15     | Paralysed by an orc sorcerer for 6 turns
 37251 | D:15     | Learned a level 7 spell: Orb of Destruction
 37332 | D:15     | Found a staircase to the Depths.
 37830 | Snake:1  | Entered Level 1 of the Snake Pit
 37867 | Snake:1  | Found Uczutz's Assorted Antiques.
 37876 | Snake:1  | Bought a scroll of amnesia for 105 gold pieces
 38929 | Snake:2  | Noticed Aizul
 38936 | Snake:2  | Killed Aizul
 39292 | Snake:2  | Reached XP level 16. HP: 96/96 MP: 30/35
 39540 | Snake:2  | Identified the +5 scale mail of the Gloaming {+Inv Dex+4}
 39761 | Snake:2  | Reached skill level 14 in Spellcasting
 40681 | Snake:2  | Offered knowledge of Ozocubu's Refrigeration by Vehumet.
 40694 | Snake:2  | Learned a level 7 spell: Ozocubu's Refrigeration
 42252 | Snake:3  | Reached skill level 10 in Ice Magic
 42559 | Snake:3  | Identified the +4 dagger "Qaricuw" {vorpal, rN+ Will+
                  | Dex+2}
 42791 | Snake:4  | Entered Level 4 of the Snake Pit
 42901 | Shoals:1 | Entered Level 1 of the Shoals
 43165 | Shoals:1 | Noticed Josephine
 43204 | Shoals:1 | Killed Josephine
 43756 | Shoals:1 | Noticed Nikola
 43762 | Shoals:1 | Killed Nikola
 44323 | Shoals:2 | Offered knowledge of Maxwell's Capacitive Coupling by
                  | Vehumet.
 44367 | Shoals:2 | Reached XP level 17. HP: 83/101 MP: 33/37
 44369 | Shoals:2 | Reached skill level 15 in Dodging
 44369 | Shoals:2 | Reached skill level 10 in Transmutations
 44850 | Shoals:2 | Reached skill level 15 in Spellcasting
 45166 | Shoals:3 | Got Sif Muna's Grimoire of Mutagenic Heat
 45854 | Shoals:3 | Noticed Polyphemus
 45859 | Shoals:3 | Killed Polyphemus
 46153 | Shoals:3 | Reached skill level 10 in Fighting
 48759 | Snake:4  | Reached ****** piety under Vehumet
 49149 | Snake:4  | Reached skill level 5 in Maces & Flails
 49324 | Snake:4  | Got a serpentine rune of Zot
 49669 | Shoals:4 | Entered Level 4 of the Shoals
 49671 | Shoals:4 | Identified the amulet of Propriety {rF+ rN+ Regen+ Dex+4
                  | Stlth+}
 50007 | Shoals:4 | Offered knowledge of Lehudib's Crystal Spear by Vehumet.
 50007 | Shoals:4 | Offered knowledge of Fire Storm by Vehumet.
 50007 | Shoals:4 | Offered knowledge of Ignition by Vehumet.
 50008 | Shoals:4 | Reached XP level 18. HP: 101/108 MP: 28/39
 50288 | Shoals:4 | Found Ontefr Bedo's Specific Store.
 50295 | Shoals:4 | Found Gustim's General Store.
 50566 | Shoals:4 | Reached skill level 16 in Spellcasting
 50592 | Shoals:4 | Got a barnacled rune of Zot
 50829 | Shoals:4 | Got the Catalogue of Igneous Confrontation
 51344 | Vaults:1 | Entered Level 1 of the Vaults
 51702 | Vaults:1 | Upgraded the game from 0.28-a0-1506-g3893175 to
                  | 0.28-a0-1508-g054e75b
 52404 | Vaults:1 | Learned a level 7 spell: Spellforged Servitor
 52472 | Vaults:1 | Noticed Donald
 52478 | Vaults:1 | Killed Donald
 52479 | Vaults:1 | Reached skill level 1 in Summonings
 53581 | Vaults:2 | Found Hughygy's Weapon Emporium.
 53598 | Vaults:2 | Reached skill level 10 in Evocations
 54761 | Vaults:2 | Reached skill level 15 in Conjurations
 55109 | Vaults:2 | You fall into a shaft and drop 2 floors!
 55723 | Vaults:3 | Reached skill level 17 in Spellcasting
 55723 | Vaults:3 | Reached XP level 19. HP: 114/114 MP: 17/42
 56008 | Vaults:3 | Learned a level 9 spell: Polar Vortex
 56203 | Vaults:3 | Paralysed by a great orb of eyes for 5 turns
 56468 | Vaults:3 | Noticed Margery
 56687 | Vaults:3 | Killed Margery
 56823 | Vaults:3 | Found a staircase to the Crypt.
 56844 | Vaults:3 | Found a large runed translucent door.
 56844 | Vaults:3 | Found a large runed translucent door.
 56846 | Vaults:3 | Noticed Tobo's ghost (master DjBe)
 57569 | Vaults:3 | Reached skill level 18 in Spellcasting
 57601 | Vaults:3 | Reached skill level 15 in Ice Magic
 58106 | Vaults:4 | Upgraded the game from 0.28-a0-1508-g054e75b to
                  | 0.28-a0-1509-g5ff2a34
 58654 | Vaults:4 | Found Yshead's Antique Weapon Shop.
 60158 | Vaults:4 | Reached skill level 19 in Spellcasting
 60558 | Elf:1    | Entered Level 1 of the Elven Halls
 60562 | Elf:1    | Reached XP level 20. HP: 120/120 MP: 36/45
 62204 | Elf:1    | Learned a level 3 spell: Ozocubu's Armour
 62648 | Elf:2    | Found a huge runed translucent gate.
 62648 | Elf:2    | Found a huge runed translucent gate.
 62648 | Elf:2    | Found a huge runed translucent gate.
 62648 | Elf:2    | Found a huge runed translucent gate.
 62649 | Elf:2    | Found a huge runed translucent gate.
 62709 | Elf:2    | Reached skill level 1 in Armour
 63386 | Elf:3    | Entered Level 3 of the Elven Halls
 63992 | Elf:3    | Identified the +1 short sword of Pidacse {freeze, rPois rF+
                  | rC+ Int-2}
 64430 | Elf:3    | Identified the ring "Menloy Loig" {rC++ Will- Int+6 Slay+2}
 64708 | Elf:3    | Identified the +4 great sword of Slow Death {vorpal, rN+}
 64745 | Elf:3    | Identified the amulet of False Pretenses {Faith Will+ MP+9
                  | Int+4}
 64745 | Elf:3    | Identified the ring "Dulaor" {Will+ rCorr Str+4}
 64896 | Elf:3    | Identified the ring of the Beastly Eggfruit {Will+ Int+4}
 65163 | Elf:3    | Got the Catalogue of the Glacier
 65395 | Elf:3    | Reached XP level 21. HP: 126/126 MP: 35/46
 65908 | Elf:3    | Paralysed by an air elemental for 1 turns
 66684 | Lair:5   | Killed Nessos
 67294 | Depths:1 | Entered Level 1 of the Depths
 67294 | Depths:1 | Found Osieh's Changing Room.
 67461 | Depths:1 | Found a gateway to Hell.
 67776 | Depths:1 | Identified the +2 pair of boots "Xefuf" {Int+3 Dex-5 SInv}
 67940 | Depths:1 | Found Omearogh's Distillery.
 67942 | Depths:1 | Found Men Wer's Jewellery Shop.
 67948 | Depths:1 | Bought a potion of magic for 144 gold pieces
 68139 | Depths:1 | Upgraded the game from 0.28-a0-1509-g5ff2a34 to
                  | 0.28-a0-1510-gd0f6b13
 68563 | Depths:2 | Reached skill level 20 in Spellcasting
 70233 | Depths:2 | Got the Compendium of Dusty Calling
 70239 | Depths:2 | Identified the +2 scale mail of the Iron City of Dis {rPois
                  | rF- rC+ Str+5}
 70429 | Depths:2 | Paralysed by an air elemental for 1 turns
 70789 | Depths:2 | Found a one-way gateway to a ziggurat.
 70796 | Depths:2 | Identified the +6 halberd "Killer Klown's Death" {holy,
                  | Str+3}
 70818 | Depths:2 | Found a one-way gate leading to the halls of Pandemonium.
 71511 | Depths:3 | Identified the +9 mace of Vyneal {spect, *Slow rF+ Will+}
 71559 | Depths:3 | You fall into a shaft and drop 1 floor!
 71559 | Depths:4 | Entered Level 4 of the Depths
 71605 | Depths:3 | Found Sydydd's Distillery.
 71616 | Depths:3 | Gained mutation: Your flesh is cold resistant. (rC+)
                  | [mutagenic glow]
 71629 | Depths:3 | Found a one-way gate to the infinite horrors of the Abyss.
 71646 | Depths:3 | Noticed a caustic shrike
 71767 | Depths:3 | Found Letzuat's Weapon Boutique.
 71777 | Depths:3 | Found a flickering gateway to a bazaar.
 71786 | Bazaar   | Entered a bazaar
 71844 | Bazaar   | Found Xoqyt's Assorted Antiques.
 71876 | Bazaar   | Found Gekhluec's Book Shoppe.
 71938 | Bazaar   | Found Suhon's Magic Scroll Shoppe.
 71986 | Bazaar   | Found Liritom's Book Boutique.
 72283 | Depths:3 | Reached XP level 22. HP: 133/133 MP: 41/48
 72669 | Depths:3 | Reached skill level 21 in Spellcasting
 72837 | Depths:3 | Identified the +1 chain mail of Inaction {rCorr Int+3}
 73614 | Depths:3 | Noticed a golden dragon
 73617 | Depths:3 | Killed a caustic shrike
 73625 | Depths:3 | Killed a golden dragon
 73715 | Depths:3 | Identified the +2 pair of gloves "Xuutz" {rC+ Int+4}
 73835 | Depths:3 | Noticed a juggernaut
 73840 | Depths:3 | Killed a juggernaut
 73861 | Depths:3 | Noticed a golden dragon
 73893 | Depths:3 | Noticed a juggernaut
 74155 | Vaults:5 | Entered Level 5 of the Vaults
 74169 | Vaults:5 | Hit by a large rock thrown by a stone giant

Illustrated notes

Levels and vault maps discovered:
D:1:      dpeg_arrival_ratfight, layout_loops_ring
D:2:      layout_loops_cross, uniq_crazy_yiuf_cottage, uniq_robin, uniq_jessica
D:3:      layout_basic, mainiacjoe_overflow_tiny_flanked,
          lightli_sewer_entry_pipes
D:4:      layout_cave_pools, vehumet_altar_wand_db, kennysheep_mini,
          biasface_ghost_orc_armoury, serial_shops, shop
D:5:      minmay_chambers_of_threes, layout_cave_pools, minmay_diced_spiral,
          uniq_blork_the_orc
D:6:      nicolae_whirlpool, layout_loops_corners
D:7:      layout_rooms, minmay_temple_entry_glass, uniq_harold
D:8:      layout_cave_pods, serial_shops, shop
D:9:      layout_long_grid, nzn_hepliaklqana_mist_gate,
          grunt_lair_entry_orc_guard_hut, orc_0_dummy, serial_ice, serial_ice_h,
          serial_ice_g, serial_ice_l, serial_ice_e
D:10:     layout_loops_ring
D:11:     layout_basic, minmay_misc_feat_tiny, due_unseen_surprise, uniq_grum,
          uniq_psyche
D:12:     layout_loops_ring, gauntlet_entry_generic, minmay_crystal_room,
          nicolae_danse_macabre
D:13:     layout_irregular_city, skrybe_vaults_entry_preservation
D:14:     layout_irregular_city, hangedman_abyss_or_decor_stagger,
          chequers_avenue
D:15:     hangedman_depths_entry_civil_slaughter, layout_grid_maze,
          minmay_misc_feat_cross, chequers_arboretum
Lair:1:   layout_misc_corridors, lemuel_fruit_fields
Lair:2:   layout_chaotic_city
Lair:3:   layout_concentric_octagons, minmay_shoals_entry_centaurs
Lair:4:   layout_cave_pods, minmay_snake_entry_six_corridors, serial_rivers,
          chequers_serial_rivers_micro_c, chequers_serial_rivers_small_b,
          chequers_serial_rivers_small_b, chequers_serial_rivers_micro_a,
          chequers_serial_rivers_marsh, uniq_kirke
Lair:5:   pond_and_an_island_with_a_cottage, layout_gridlike,
          serial_bayou_lagoon_a, minivault_26, uniq_nessos
Lair:6:   evilmike_catoblepas_cave, layout_small_grid, dpeg_slime_entry_corner,
          lemuel_oklob_altar, grunt_megastairs_5, lemuel_fruit_fields
Shoals:1: layout_shoals, uniq_josephine, uniq_nikola
Shoals:2: layout_shoals, nicolae_shoals_nymph_descending_staircase
Shoals:3: layout_shoals, st_sunken_huts, uniq_polyphemus
Shoals:4: shoals_end_grunt_garden, layout_shoals, nicolae_specific_store,
          nicolae_shoals_undead_eyrie
Snake:1:  layout_basic, serial_shops, nicolae_shop_overgrown_old_shop,
          serial_bayou_pond_e, nicolae_snake_gridmaze_waves
Snake:2:  layout_misc_corridors, uniq_aizul
Snake:3:  layout_layer_cave, nicolae_snake_snake_lake, lemuel_fruit_tree
Snake:4:  snake_pit, layout_gridlike
Orc:1:    layout_caves, basic_altar, gammafunk_ghost_necromancy,
          portal_ice_cave_entry_imps, minmay_orc_temple_c
Orc:2:    kennysheep_orc_mage_school, layout_caves, gammafunk_ghost_grave,
          basic_altar
Elf:1:    minmay_elf_arrival_circle, layout_geoelf_octagon,
          hangedman_elven_crosses_minicolossus, st_stairs_11
Elf:2:    elven_hall_of_blades_hangedman_alternative
          [nooodl_blade_entry_preview], layout_geoelf_grid
Elf:3:    grunt_elf_hall_asides, layout_geoelf_octagon, grunt_ministairs_9,
          drop_trap
Vaults:1: nicolae_vaults_little_squares_2, hangedman_vaults_slice, v_misc_3,
          layout_vaults_big_room, uniq_donald
Vaults:2: vaults_room_hangedman_quadrants, nicolae_vaults_little_ls,
          nicolae_vaults_circle_grid_a, hangedman_vaults_corner,
          nicolae_vaults_ring_of_whatevers, v_misc_30,
          nicolae_vaults_specimen_jars, ontoclasm_vaults_shuriken,
          layout_vaults_omnigrid, serial_shops, nicolae_shop_window_shopping
Vaults:3: ebering_ghost_disaster_area, hangedman_vaults_cutoff,
          st_quartered_hall, v_misc_4, v_misc_10, v_misc_4,
          dpeg_vaults_monster_box, nicolae_vaults_diagonal_hallway_8,
          minmay_crypt_entry_simple_box, hangedman_vaults_nails,
          vaults_mumra_chevron_long, serial_ice_m, ontoclasm_vaults_pinch,
          v_misc_15, layout_vaults_maze, uniq_margery
Vaults:4: v_misc_15, hangedman_vaults_capsules, nicolae_vaults_rhombus_7,
          v_misc_8, vaults_room_door_hall, v_misc_8,
          ontoclasm_vaults_ring_large, vaults_dpeg_hooks, grunt_vaults_twisty,
          layout_vaults_ring, serial_shops, nicolae_diamond_shop
Vaults:5
Depths:1: layout_roguey, hangedman_coc_ice_floe, grunt_decor_junction,
          nicolae_transmutations_shop, minivault_16, feat_on_display,
          minmay_shoptagon
Depths:2: radiant_caverns_a_rkd, pan_entry, hell_entry, serial_shops
Depths:3: minmay_four_inscribed_fans, layout_gridville, minmay_fountain_box,
          abyss_entry, serial_shops, bzr_entry_lakeside,
          nicolae_shop_bloodbath_and_beyond, nicolae_shop_hallway_stairs,
          lightli_too_deep, minmay_misc_feat_room, okawaru_gym_becter
Depths:4: grunt_twist_and_shout, layout_gridville, pf_hell_entry_tar_river,
          minmay_misc_feat_ornament, minmay_mirror_moons_of_madness,
          uniq_enchantress

Skill      XL: |  1  2  3  4  5  6  7  8  9 10 11 12 13 14 15 16 17 18 19 20 21 22 |
---------------+-------------------------------------------------------------------+-----
Conjurations   | 5 6 7 8 9 10 11 12 13 14 15 17 | 17.4
Hexes          | 1 2 3 5 6 8 9 10 | 10.0
Spellcasting   | 4 5 6 7 8 9 10 11 12 13 14 15 17 19 20 21 | 21.3
Translocations | 2 3 4 |  4.0
Dodging        | 3 4 5 6 7 9 10 12 13 14 15 16 17 18 19 | 19.1
Fighting       | 1 2 4 5 6 7 8 9 10 11 12 13 | 13.0
Evocations     | 2 4 5 6 7 9 10 | 10.0
Ice Magic      | 3 5 6 7 8 9 10 11 12 16 19 20 | 20.3
Maces & Flails | 1 3 4 5 |  5.5
Air Magic      | 3 6 8 9 |  9.8
Staves         | 2 |  2.0
Shields        | 2 4 |  4.0
Transmutations | 2 7 9 10 | 10.9
Poison Magic   | 2 6 |  6.0
Summonings     | 4 |  4.0
Armour         | 3 |  3.0
Stealth        | |  2.4

Action                   |  1- 3 |  4- 6 |  7- 9 | 10-12 | 13-15 | 16-18 | 19-21 | 22-24 || total
-------------------------+-------+-------+-------+-------+-------+-------+-------+-------++-------
Melee: Dagger            |     6 |     7 |       |       |       |       |       |       ||    13
       Short sword       |       |       |       |    13 |       |       |       |       ||    13
       Whip              |       |       |       |   105 |   131 |    56 |    30 |     3 ||   325
       Punch             |       |       |       |     4 |       |       |       |       ||     4
       Staff             |       |       |       |       |    99 |    13 |    13 |     1 ||   126
       Mace              |       |       |       |       |       |       |       |    20 ||    20
 Cast: Magic Dart        |    65 |    54 |   136 |   112 |    50 |       |       |       ||   417
       Searing Ray       |     4 |    18 |    52 |   101 |    35 |       |       |       ||   210
       Fulminant Prism   |       |     2 |    12 |    29 |    20 |       |       |       ||    63
       Iskenderun's Myst |       |       |    10 |    38 |    39 |       |       |       ||    87
       Cause Fear        |       |       |     1 |     4 |       |       |     1 |       ||     6
       Frozen Ramparts   |       |       |       |    34 |    32 |     7 |       |       ||    73
       Hailstorm         |       |       |       |     1 |    34 |     9 |       |       ||    44
       Conjure Ball Ligh |       |       |       |     2 |    24 |       |       |       ||    26
       Freezing Cloud    |       |       |       |    16 |   239 |    30 |       |       ||   285
       Irradiate         |       |       |       |       |    62 |    28 |    82 |    18 ||   190
       Eringya's Noxious |       |       |       |       |    21 |       |       |       ||    21
       Ignite Poison     |       |       |       |       |    16 |       |       |       ||    16
       Orb of Destructio |       |       |       |       |     6 |   192 |   202 |    30 ||   430
       Ozocubu's Refrige |       |       |       |       |       |   246 |   260 |    15 ||   521
       Apportation       |       |       |       |       |       |     1 |     9 |       ||    10
       Spellforged Servi |       |       |       |       |       |     4 |     4 |       ||     8
       Polar Vortex      |       |       |       |       |       |       |     3 |     2 ||     5
Evoke: Wand              |       |       |       |     2 |       |       |     3 |     2 ||     7
  Use: Scroll            |       |     2 |     7 |    10 |    21 |     4 |     4 |       ||    48
       Potion            |       |       |       |       |       |       |     1 |       ||     1
 Stab: Sleeping          |       |     1 |       |     1 |     1 |       |       |       ||     3
Armor: Robe              |     4 |     6 |    13 |    51 |    63 |    16 |     9 |     2 ||   164
       Steam dragon scal |       |       |     3 |     9 |       |       |       |       ||    12
Dodge: Dodged            |    11 |    18 |    67 |   174 |   285 |   200 |   125 |    53 ||   933
Block: Buckler           |       |       |       |       |    57 |    67 |    52 |     9 ||   185

Table legend: (Time is in decaauts)
 A = Elapsed time spent in this place.
 B = Non-inter-level travel time spent in this place.
 C = Inter-level travel time spent in this place.
 D = Time resting spent in this place.
 E = Time spent auto-exploring this place.
 F = Levels seen in this place.
 G = Mean time per level.
                   A        B        C        D        E       F      G
               +--------+--------+--------+--------+--------+-----+--------+
         Total |  74627 |  69983 |   4644 |  29632 |  25030 |  47 | 1587.8 |
       Dungeon |  23699 |  21307 |   2392 |   7067 |  10546 |  15 | 1579.9 |
          Lair |  10940 |  10159 |    781 |   3832 |   4674 |   6 | 1823.3 |
        Shoals |   5239 |   5018 |    221 |   2623 |    426 |   4 | 1309.8 |
     Snake Pit |   7976 |   7615 |    361 |   3689 |   2526 |   4 | 1994.0 |
  Orcish Mines |   3138 |   2734 |    404 |   1229 |    625 |   2 | 1569.0 |
   Elven Halls |   5674 |   5529 |    145 |   2508 |   1856 |   3 | 1891.3 |
        Vaults |   9130 |   8881 |    249 |   4275 |   2715 |   5 | 1826.0 |
        Depths |   6305 |   6217 |     88 |   3304 |   1091 |   4 | 1576.2 |
        Bazaar |    368 |    368 |      0 |     45 |    267 |   1 |  368.0 |
         Sewer |    850 |    850 |      0 |    464 |    246 |   1 |  850.0 |
      Ice Cave |    970 |    970 |      0 |    513 |     56 |   1 |  970.0 |
      Gauntlet |    333 |    333 |      0 |     83 |      0 |   1 |  333.0 |
               +--------+--------+--------+--------+--------+-----+--------+

Top non-repeatable levels by time:
Depths:2: 3401 daAuts
     D:6: 3061 daAuts
 Snake:3: 2915 daAuts
Vaults:4: 2639 daAuts
Vaults:2: 2492 daAuts
  Lair:3: 2407 daAuts
  Lair:6: 2400 daAuts
Vaults:3: 2312 daAuts
   Orc:2: 2291 daAuts
   Elf:3: 2282 daAuts
     D:9: 2268 daAuts
 Snake:4: 1936 daAuts
    D:11: 1934 daAuts
   Elf:1: 1895 daAuts
 Snake:2: 1852 daAuts
